 Dungeon Crawl Stone Soup version 0.23-a0-295-g2e428d4 (webtiles) character file.

9 Amnesiac the Magician (level 2, -2/19 HPs)
             Began as a Mummy Wizard on Oct 4, 2018.
             Slain by a worm (10 damage)
             ... on level 4 of the Dungeon.
             The game lasted 00:02:06 (289 turns).

Amnesiac the Magician (Mummy Wizard)                 Turns: 289, Time: 00:02:07

Health: -2/19      AC:  2    Str: 10    XL:     2   Next: 3%
Magic:  7/7        EV: 12    Int: 17    God:
Gold:   0          SH:  0    Dex: 10    Spells: 9/10 levels left

rFire    x . .     SeeInvis .   b - +2 dagger (venom)
rCold    + . .     Gourm    .   (no shield)
rNeg     + + +     Faith    .   a - +0 robe
rPois    ∞         Spirit   .   (no helmet)
rElec    .         Reflect  .   (no cloak)
rCorr    .         Harm     .   (no gloves)
MR       .....                  (no boots)
Stlth    ++........             (no amulet)
HPRegen  0.06/turn              (no ring)
MPRegen  0.10/turn              (no ring)

@: no status effects
A: no food or potions, fire vulnerability, cold resistance 1, negative energy
resistance 3, torment resistance, unbreathing
a: no special abilities


You were on level 4 of the Dungeon.
You were not hungry.

You visited 1 branch of the dungeon, and saw 3 of its levels.

Inventory:

Hand Weapons
 b - a +2 dagger of venom (weapon)
Armour
 a - a +0 robe (worn)
Scrolls
 c - a scroll of amnesia {!r, unknown}
 d - a scroll of fog {!r, unknown}


   Skills:
 - Level 1.5 Dodging
 - Level 1.5 Stealth
 + Level 4.7 Spellcasting
 - Level 0.7 Conjurations
   Level 0.7 Summonings
   Level 0.7 Translocations


You had 9 spell levels left.
You knew the following spells:

 Your Spells              Type           Power        Failure   Level  Hunger
a - Magic Dart            Conj           #...         11%         1    N/A

Your spell library contained the following spells:

 Spells                   Type           Power        Failure   Level  Hunger
 Blink                    Tloc           N/A          17%         2    N/A
 Call Imp                 Summ           #.......     17%         2    N/A
 Slow                     Hex            #.......     22%         2    N/A
 Conjure Flame            Conj/Fire      #.......     36%         3    N/A
 Mephitic Cloud           Conj/Pois/Air  #.......     38%         3    N/A

Dungeon Overview and Level Annotations

Branches:
Dungeon (2/15)

Altars:

Annotations:
D:4 Menkaure


Innate Abilities, Weirdness & Mutations

You do not eat or drink.
Your flesh is vulnerable to fire.
You are immune to poison.
Your flesh is cold resistant. (rC+)
You are immune to negative energy. (rN+++)
You are immune to unholy pain and torment.
You can survive without breathing.


Message History

You see here a glowing dagger.
b - a glowing dagger The hobgoblin shouts!
You hear a shout!
The hobgoblin hits you with a club. The hobgoblin barely misses you.
Wield which item (- for none, * to show all)? (? for menu, Esc to quit)
Your +2 dagger of venom begins to drip with poison!
b - a +2 dagger of venom (weapon)
You barely miss the hobgoblin. The hobgoblin hits you with a club.
You barely miss the hobgoblin. The hobgoblin hits you with a club.
* * * LOW HITPOINT WARNING * * *
You closely miss the hobgoblin. You hit the hobgoblin.
The hobgoblin is lightly wounded.
The hobgoblin hits you with a club.
* * * LOW HITPOINT WARNING * * *
You hit the hobgoblin but do no damage.
The hobgoblin is poisoned.
The hobgoblin is lightly wounded.
The hobgoblin closely misses you.
Found a stone staircase leading down.
You kill the hobgoblin!
Casting: Magic Dart (safe; 11% risk of failure)
Confirm with . or Enter, or press ? or * to list all spells.
Aiming: Magic Dart (safe; 11% risk of failure)
Press: ? - help, Shift-Dir - straight line, f - goblin
Aim: a goblin, wielding a club The magic dart hits the goblin.
The goblin is heavily wounded.
Casting: Magic Dart (safe; 11% risk of failure)
Confirm with . or Enter, or press ? or * to list all spells.
Aiming: Magic Dart (safe; 11% risk of failure)
Press: ? - help, Shift-Dir - straight line, f/p - goblin
Aim: a goblin, wielding a club (heavily wounded)
The magic dart hits the goblin.
The goblin is severely wounded.
Casting: Magic Dart (safe; 11% risk of failure)
Confirm with . or Enter, or press ? or * to list all spells.
Aiming: Magic Dart (safe; 11% risk of failure)
Press: ? - help, Shift-Dir - straight line, f/p - goblin
Aim: a goblin, wielding a club (severely wounded)
The magic dart hits the goblin.
You kill the goblin!
You have reached level 2!
There is a stone staircase leading down here.
You climb downwards.
A leopard gecko and a goblin come into view.
There is a stone staircase leading up here.
The leopard gecko hisses angrily.
There is a shaft here.
You fall through a shaft for 2 floors!
The shaft crumbles and collapses.
A worm and Menkaure come into view.
Found a golden potion and 8 poisoned needles.
Found a stone staircase leading up.
Unknown command.
Found a chain mail.
An orc comes into view. It is wielding a short sword.
Found a flail.
The orc shouts!
The worm barely misses you.
There is a stone staircase leading up here.
The worm bites you!
Ouch! That really hurt!
You die...

..8.....8..###. #.
...(............ . #.
.....#.......... .#..
............... ...
#............. #..
#....!.......[
#####.####............
#...........@.........
.###.#.###..w........
#.# #.##...#....
#.###..#.....#
#...##......##
#.........#.#
#.###..#..#.# ...#
##....# # )..## ##o..#


You could see a worm.

Vanquished Creatures
  A bat (D:1)
  3 hobgoblins (D:1)
  3 goblins (D:1)
7 creatures vanquished.

Notes
Turn   | Place    | Note
-------+----------+-------------------------------------------
     0 | D:1      | Amnesiac the Mummy Wizard began the quest for the Orb.
     0 | D:1      | Reached XP level 1. HP: 13/13 MP: 5/5
   247 | D:1      | Reached XP level 2. HP: 5/19 MP: 3/7
   272 | D:2      | You fall through a shaft for 2 floors!
   272 | D:4      | Noticed Menkaure
   289 | D:4      | Slain by a worm

Vault maps used:
D:1:      enne_arrival_octagon_isle, minmay_pentomino_t2
D:2:      elyvilon_altar_1, palyth_stone_intersect
D:4:      serial_shops, nicolae_shop_stone, st_stairs_1, minivault_26,
          solitary_fountain, uniq_menkaure

Action                   || total
-------------------------++-------
Melee: Unarmed           ||    11
       Dagger            ||     5
 Cast: Magic Dart        ||    15
Armor: Robe              ||     9
Dodge: Dodged            ||    21

Table legend:
 A = Non-vault XP
 B = Vault XP
 C = Vault XP percentage of total XP
 D = Non-vault monster count
 E = Vault monster count
 F = Vault count percentage of total count
                 A         B        C        D         E       F
            +---------+---------+-------+---------+---------+-------
      Total |      11 |       2 |  15.4 |       6 |       1 |  14.3
            +---------+---------+-------+---------+---------+-------
        D:1 |      11 |       2 |  15.4 |       6 |       1 |  14.3
            +---------+---------+-------+---------+---------+-------
